 Dungeon Crawl Stone Soup version 0.25-a0-737-g26c3a87c45 (webtiles) character file.

Game seed: 16214580301638380239, levelgen mode: deterministic

332 Esekla the Slasher (level 6, 0/47 HPs)
             Began as a Barachi Warper on Apr 12, 2020.
             Was an Initiate of Vehumet.
             Slain by a bullfrog (3 damage)
             ... on level 6 of the Dungeon.
             The game lasted 00:31:48 (3168 turns).

Esekla the Slasher (Barachi Warper)                 Turns: 3168, Time: 00:31:48

Health: 0/47       AC:  5    Str: 13    XL:     6   Next: 52%
Magic:  11/11      EV: 12    Int: 15    God:    Vehumet [......]
Gold:   175        SH:  0    Dex: 11    Spells: 7/11 levels left

rFire    + . .     SeeInvis .   a - +0 falchion
rCold    x . .     Gourm    .   (no shield)
rNeg     . . .     Faith    .   b - +0 leather armour
rPois    .         Spirit   .   g - +2 hat
rElec    .         Reflect  .   (no cloak)
rCorr    .         Harm     .   (no gloves)
MR       .....                  (no boots)
Stlth    +.........             (no amulet)
HPRegen  0.15/turn              (no ring)
MPRegen  0.12/turn              h - ring of fire

@: slow
A: +LOS, swims, slowness 1, strong legs 1
a: Hop, Renounce Religion


You were on level 6 of the Dungeon.
You worshipped Vehumet.
Vehumet was noncommittal.
You were not hungry.

You visited 2 branches of the dungeon, and saw 8 of its levels.

You collected 175 gold pieces.

Inventory:

Hand Weapons
 a - a +0 falchion (weapon)
 j - a +2 spear of freezing
 r - a +1 dagger of venom
Missiles
 e - 5 boomerangs of dispersal (quivered)
Armour
 b - a +0 leather armour (worn)
 g - a +2 hat (worn)
Jewellery
 h - a ring of fire (right hand)
 q - an uncursed ring of ice
 y - an uncursed ring of stealth
Wands
 s - a wand of flame (10)
Scrolls
 c - 2 scrolls of enchant weapon {unknown}
 d - a scroll of blinking
 i - 2 scrolls of remove curse {unknown}
 k - 3 scrolls of teleportation {unknown}
 o - a scroll of immolation {unknown}
 t - a scroll of fear {unknown}
 u - a scroll of magic mapping {unknown}
 v - a scroll of fog {unknown}
Potions
 l - a potion of stabbing {unknown}
 m - a potion of magic
 n - a potion of haste
 w - a potion of curing {unknown}
 x - a potion of lignification
 z - a potion of flight {unknown}
 A - a potion of might
Comestibles
 f - 7 rations


   Skills:
 + Level 3.0 Fighting
 * Level 5.4 Long Blades
 + Level 1.0 Throwing
 + Level 2.2 Armour
 + Level 3.0 Dodging
 * Level 3.4 Spellcasting
 * Level 2.3 Charms
 + Level 3.6 Translocations


You had 7 spell levels left.
You knew the following spells:

 Your Spells              Type           Power        Failure   Level  Hunger
a - Shroud of Golubria    Chrm/Tloc      ##....       11%         2    ##.....
b - Blink                 Tloc           N/A          9%          2    ##.....

Your spell library contained the following spells:

 Spells                   Type           Power        Failure   Level  Hunger
 Gell's Gravitas          Tloc           ##........   16%         3    ###....
 Lesser Beckoning         Tloc           ##........   16%         3    ###....
 Teleport Other           Tloc           ##......     16%         3    ###....
 Passage of Golubria      Tloc           N/A          47%         4    ####...


Dungeon Overview and Level Annotations

Branches:
Dungeon (7/15)             Temple (1/1) D:5

Altars:
Ashenzari
Dithmenos
Elyvilon
Makhleb
Ru
Uskayaw
Vehumet
Wu Jian
The Shining One

Annotations:
D:4 Sigmund
D:5 Dowan, Duvessa


Innate Abilities, Weirdness & Mutations

You can be seen from farther away. (+LOS)
You can swim through water.
You cover ground slowly.
You can hop short distances.


Message History

Aiming: Throw Flame
Press: ? - help, Shift-Dir - straight line, f/p - bullfrog
Aim: a bullfrog (moderately wounded)
The puff of flame hits the bullfrog.
The bullfrog is heavily wounded.
The bullfrog misses you. The bullfrog barely misses you.
You riposte.
You slash the bullfrog!
The bullfrog is almost dead.
You barely miss the bullfrog.
The bullfrog is almost dead.
The bullfrog hits you but does no damage.
You closely miss the bullfrog.
The bullfrog is almost dead.
The bullfrog hits you.
* * * LOW HITPOINT WARNING * * *
The bullfrog misses you.
You closely miss the bullfrog.
The bullfrog is almost dead.
The bullfrog hits you.
You die...

### ..# #.#
###.#######
#.........#
#$........#
...###..F..<...#
#......@......#
####..........#
##.........#
#.........#
#......†..#
#.......>.#
###########


You could see a bullfrog.

Vanquished Creatures
  A jelly (D:2)
  An iguana (D:5)
  Terence (D:3)
  2 worker ants
  4 gnolls (D:3)
  6 adders
  2 shadow imps (D:5)
  An ooze (D:1)
  3 worms
  A dart slug (D:1)
  4 leopard geckos
  2 orcs
  8 giant cockroaches
  11 goblins
  10 hobgoblins
  2 jackals (D:1)
  5 kobolds
  2 quokkas
  5 bats
  4 frilled lizards
  4 rats
79 creatures vanquished.

Notes
Turn   | Place    | Note
-------+----------+-------------------------------------------
     0 | D:1      | Esekla the Barachi Warper began the quest for the Orb.
     0 | D:1      | Reached XP level 1. HP: 17/17 MP: 3/3
    40 | D:1      | Reached skill level 3 in Long Blades
    40 | D:1      | Reached XP level 2. HP: 19/23 MP: 3/5
    55 | D:1      | Learned a level 2 spell: Shroud of Golubria
    58 | D:1      | Learned a level 2 spell: Blink
   275 | D:1      | Reached XP level 3. HP: 27/28 MP: 7/7
   857 | D:2      | Reached skill level 1 in Charms
   914 | D:2      | Reached XP level 4. HP: 21/34 MP: 3/8
  1256 | D:2      | Reached skill level 4 in Long Blades
  1496 | D:2      | Found a glowing golden altar of the Shining One.
  1496 | D:2      | Found an ornate altar of the Wu Jian Council.
  1696 | D:3      | Reached XP level 5. HP: 33/39 MP: 3/9
  1740 | D:3      | Noticed Terence
  2466 | D:3      | Reached XP level 6. HP: 19/46 MP: 11/11
  2703 | D:3      | Killed Terence
  2767 | D:3      | Reached skill level 5 in Long Blades
  2936 | D:4      | Noticed Sigmund
  2958 | D:5      | Entered Level 5 of the Dungeon
  2989 | D:5      | Found a staircase to the Ecumenical Temple.
  3008 | Temple   | Entered the Ecumenical Temple
  3039 | Temple   | Became a worshipper of Vehumet
  3111 | D:5      | Noticed Duvessa
  3111 | D:5      | Noticed Dowan
  3134 | D:6      | Noticed an orc warrior
  3168 | D:6      | Slain by a bullfrog

Levels and vault maps discovered:
D:1:      saegor_arrival_simple_e, layout_basic, minmay_misc_feat_alley,
          minmay_worlds_worst_comb
D:2:      layout_loops_cross, gammafunk_temple_overflow_wave
D:3:      layout_loops_ring, gammafunk_temple_overflow_pools, uniq_terence
D:4:      layout_layer_cave, chequers_temple_overflow_statue_of_worship,
          uniq_sigmund
D:5:      layout_gridville, lemuel_doored_altar, minmay_temple_entry_mini_moons,
          gup_sewer_entry_glass, first_ration, uniq_duvessa
D:6:      layout_rooms, corner_web_ring
D:7:      layout_basic, lemuel_crystal_altar, serial_shops, shop,
          minmay_manual_monstrance, uniq_maggie
Temple:   cyrus_temple_forest

Skill      XL: |  1  2  3  4  5  6 |
---------------+-------------------+-----
Long Blades    | 3 4 5 |  5.4
Charms         | 1 2 |  2.3
Spellcasting   | 3 |  3.4
Armour         | 2 |  2.2
Dodging        | 3 |  3.0
Fighting       | 3 |  3.0
Throwing       | |  1.0
Translocations | |  3.6

Action                   |  1- 3 |  4- 6 || total
-------------------------+-------+-------++-------
Melee: Falchion          |   110 |   224 ||   334
 Cast: Shroud of Golubri |    10 |    24 ||    34
 Abil: Hop               |       |     3 ||     3
Evoke: Wand              |       |     7 ||     7
  Use: Scroll            |       |     4 ||     4
  Eat: Chunk             |     1 |     7 ||     8
       Ration            |       |     1 ||     1
Armor: Leather armour    |    38 |    61 ||    99
Dodge: Dodged            |    70 |   161 ||   231
       Rpst.: Falchion   |    22 |    42 ||    64

Table legend:
 A = Non-vault XP
 B = Vault XP
 C = Vault XP percentage of total XP
 D = Non-vault monster count
 E = Vault monster count
 F = Vault count percentage of total count
                 A         B        C        D         E       F
            +---------+---------+-------+---------+---------+-------
      Total |     429 |      46 |   9.7 |      73 |       6 |   7.6
            +---------+---------+-------+---------+---------+-------
        D:1 |      35 |      10 |  22.2 |      16 |       5 |  23.8
        D:2 |     130 |       0 |   0.0 |      24 |       0 |   0.0
        D:3 |     165 |      36 |  17.9 |      26 |       1 |   3.7
        D:4 |       6 |       0 |   0.0 |       2 |       0 |   0.0
        D:5 |      59 |       0 |   0.0 |       3 |       0 |   0.0
        D:6 |      34 |       0 |   0.0 |       2 |       0 |   0.0
            +---------+---------+-------+---------+---------+-------
